 Dungeon Crawl Stone Soup version 0.18-a0-1797-gc18daef (webtiles) character file.

15 Mefis the Magician (level 2, 0/19 HPs)
             Began as a Human Wizard on Apr 22, 2016.
             Succumbed to an adder's poison
             ... on level 1 of the Dungeon.
             The game lasted 00:04:40 (818 turns).

Mefis the Magician (Human Wizard)                    Turns: 818, Time: 00:04:40

Health: 0/19       AC:  2    Str:  7    XL:     2   Next: 65%
Magic:  2/6        EV: 12    Int: 18    God:
Gold:   20         SH:  0    Dex: 11    Spells: 4 memorised, 0 levels left

rFire  . . .     SeeInvis .     g - +0 dagger
rCold  . . .     Gourm    .     a - +0 robe
rNeg   . . .     Faith    .     (no shield)
rPois  .         Spirit   .     b - +0 hat
rElec  .         Dismiss  .     (no cloak)
rCorr  .         Reflect  .     (no gloves)
SustAt .         Harm     .     (no boots)
MR     .....                    (no amulet)
Stlth  ++........               (no ring)
                                (no ring)

@: lethally poisoned (0 -> -7), hasted, very quick, not resistant to hostile
enchantments, unstealthy
A: no striking features
a: no special abilities


You were on level 1 of the Dungeon.
You were not hungry.

You visited 1 branch of the dungeon, and saw 1 of its levels.

You collected 20 gold pieces.

Inventory:

Hand Weapons
 g - a +0 dagger (weapon)
Missiles
 f - 6 curare-tipped needles
 j - 5 stones (quivered)
Armour
 a - a +0 robe (worn)
 b - a +0 hat (worn)
Scrolls
 e - 3 scrolls of identify {unknown}
 h - 2 scrolls of remove curse {unknown}
 k - a scroll of recharging {unknown}
Books
 c - a book of Minor Magic

   Spells                             Type                      Level
   a - Magic Dart                     Conjuration                  1
   b - Blink                          Translocation                2
   c - Call Imp                       Summoning                    2
   d - Repel Missiles                 Charms/Air                   2
   e - Slow                           Hexes                        2
   f - Conjure Flame                  Conjuration/Fire             3
   g - Mephitic Cloud                 Conjuration/Poison/Air       3
Comestibles
 d - a bread ration


   Skills:
 + Level 0.2 Fighting
 * Level 0.6 Throwing
 + Level 2.1 Dodging
 + Level 2.0 Stealth
 + Level 3.3 Spellcasting
 + Level 1.0 Conjurations
 * Level 1.1 Summonings
 * Level 1.0 Translocations


You couldn't memorise any spells.
You knew the following spells:

 Your Spells              Type           Power        Failure   Level  Hunger
a - Magic Dart            Conj           #...         12%         1    None
b - Call Imp              Summ           #.......     17%         2    ##.....
c - Blink                 Tloc           N/A          17%         2    ##.....
d - Repel Missiles        Chrm/Air       #.....       28%         2    ##.....


Dungeon Overview and Level Annotations

Branches:
Dungeon (1/15)

Altars:


Message History

You swap places.
The adder closely misses your crimson imp.
Your crimson imp blinks!
Your crimson imp barely misses the adder.
You swap places.
The adder barely misses you.
Your crimson imp closely misses the adder.
The adder bites you but does no damage.
Your crimson imp disappears in a puff of smoke!
The adder bites you.
Your crimson imp blinks!
The adder bites you.
* * * LOW HITPOINT WARNING * * *
Your crimson imp disappears in a puff of smoke!
The adder bites you.
* * * LOW HITPOINT WARNING * * *
You are lethally poisoned!
The adder poisons you!
Drink which item? (? for menu, Esc to quit)
It was a potion of haste.
You feel yourself speed up.
You die...

#..8≈8≈8.####..###.....
##.#####.####...#....##
##.....##...###.###.#
########....#### #.#
##...##!# ##.##
#########.###.#.# #...#
.......##.# .#.# #...#
#!S..###.#.# #...#
#.#@...^##.#####...#
#.#........#........
#.#....)............
##.#.....####........
#..#.....# #####...#
#.#.....#.# #...#
.......##....# #...#
#########.#### #...#
#.############.##


You could see an adder.

Vanquished Creatures
  A dart slug (D:1)
  A bat (D:1)
  A giant cockroach (D:1)
  2 goblins (D:1)
  A hobgoblin (D:1)
  A ball python (D:1)
  4 kobolds (D:1)
  A rat (D:1)
12 creatures vanquished.

Notes
Turn   | Place    | Note
--------------------------------------------------------------
     0 | D:1      | Mefis the Human Wizard began the quest for the Orb.
     0 | D:1      | Reached XP level 1. HP: 13/13 MP: 4/4
   364 | D:1      | Reached XP level 2. HP: 18/19 MP: 1/6
   368 | D:1      | Learned a level 2 spell: Call Imp
   371 | D:1      | Learned a level 2 spell: Blink
   374 | D:1      | Learned a level 2 spell: Repel Missiles
   818 | D:1      | Succumbed to an adder's poison

Vault maps used:
D:1:      lightli_arrival_statue_moat, serial_bayou_ford_a

Action                   || total
-------------------------++-------
Melee: Dagger            ||     4
 Cast: Magic Dart        ||    33
       Call Imp          ||     2
       Repel Missiles    ||     1
  Use: Potion            ||     1
 Stab: Sleeping          ||     1
Armor: Robe              ||     4
Dodge: Dodged            ||    16
       Deflected         ||     1
